 Dungeon Crawl Stone Soup version 0.16-b1 (webtiles) character file.

2105431 timbw the Axe Maniac (level 24, 237/238 (240) HPs)
             Began as a Minotaur Berserker on Mar 13, 2015.
             Was an Elder of Trog.
             Escaped with the Orb
             ... and 3 runes!
             The game lasted 02:48:02 (42621 turns).

timbw the Axe Maniac (Minotaur Berserker)          Turns: 42621, Time: 02:48:02

HP:   237/238 (240) AC: 43    Str: 24    XL:     24   Next: 25%
MP:   12/12         EV: 17    Int:  9    God:    Trog [****..]
Gold: 1042          SH:  0    Dex: 17    Spells: 0 memorised, 23 levels left

rFire  + + +     SeeInvis .     h - +3 executioner's axe (antimagic)
rCold  + . .     Clarity  .     z - +10 plate armour {rPois}
rNeg   + . .     SustAb   .     (no shield)
rPois  +         Gourm    .     D - +2 hat {rF+}
rElec  +         Spirit   .     t - +1 cloak of the Louse {rF++ Str-4}
rCorr  .         Warding  .     r - +3 pair of gauntlets of War {Slay+5}
rMut   +         Stasis   .     N - +1 pair of boots
MR     ++...     NoCast   +     M - amulet of resist mutation
Stlth  ..........               I - ring "Bodinlee" {-Cast rElec rPois rN+ Dex+4}
                                R - ring of Suawid {rC+ MR+ Str-2 Int+4}

@: flying, very slightly contaminated, very resistant to hostile enchantments,
extremely unstealthy
A: retaliatory headbutt, horns 2, blink 1
a: Blink, Burn Spellbooks, Berserk, Trog's Hand, Brothers in Arms, Renounce
Religion
0: Orb of Zot
}: 3/15 runes: serpentine, barnacled, slimy


You escaped.
You worshipped Trog.
Trog was greatly pleased with you.
You were hungry.

You visited 10 branches of the dungeon, and saw 60 of its levels.
You also visited: Labyrinth and Volcano.

You collected 5750 gold pieces.
You spent 4708 gold pieces at shops.

Inventory:

Hand weapons
 h - a +3 antimagic executioner's axe (weapon)
 u - a +5 executioner's axe of freezing
Armour
 r - the +3 pair of gauntlets of War (worn) {Slay+5}
   (You bought it in a shop on level 4 of the Orcish Mines)

   It affects your accuracy and damage with ranged weapons and melee attacks
   (+5).
 t - the +1 cloak of the Louse (worn) {rF++ Str-4}
   (You found it on level 6 of the Pits of Slime)

   It affects your strength (-4).
   It greatly protects you from fire.
 z - a +10 plate armour of poison resistance (worn)
 D - a +2 hat of fire resistance (worn)
 N - a +1 pair of boots (worn)
Rods
 V - a +4 rod of inaccuracy (12/12)
   (You found it on level 6 of the Pits of Slime)
Jewellery
 k - an uncursed amulet of resist corrosion
 A - an uncursed ring of see invisible
 B - the amulet "Mnisucsy" {Regen+ Int+4}
   (You found it in a labyrinth)

   [amulet of regeneration]

   It affects your intelligence (+4).
   It increases your rate of regeneration.
 E - the cursed ring of Puneovat {+Blink rElec EV-3 Int-2}
   (You found it on level 6 of the Pits of Slime)

   [ring of evasion]

   It affects your evasion (-3).
   It affects your intelligence (-2).
   It insulates you from electricity.
   It lets you blink.
   It has a curse placed upon it.
 I - the ring "Bodinlee" (right hand) {-Cast rElec rPois rN+ Dex+4}
   (You found it on level 6 of the Pits of Slime)

   [ring of poison resistance]

   It affects your dexterity (+4).
   It insulates you from electricity.
   It protects you from poison.
   It protects you from negative energy.
   It prevents spellcasting.
 M - an amulet of resist mutation (around neck)
 P - an uncursed ring of flight
 R - the ring of Suawid (left hand) {rC+ MR+ Str-2 Int+4}
   (You bought it in a shop on level 2 of the Shoals)

   [ring of protection from magic]

   It affects your strength (-2).
   It affects your intelligence (+4).
   It protects you from cold.
   It affects your resistance to hostile enchantments.
 S - a +5 ring of protection
 T - an uncursed ring of protection from fire
 W - an uncursed ring of teleportation
Magical devices
 c - a wand of enslavement (2)
 n - a wand of paralysis (11)
 q - a wand of digging (10)
 w - a wand of fire (3)
 y - a wand of hasting (2)
 F - a wand of disintegration (10)
 G - a wand of cold (3)
Scrolls
 b - 3 scrolls of identify
 f - 3 scrolls of fog
 g - 16 scrolls of remove curse
 m - 2 scrolls of fear
 H - a scroll of holy word
 O - 2 scrolls of blinking
 Q - 2 scrolls of recharging
 Y - 4 scrolls of teleportation
 Z - a scroll of silence
Potions
 a - a potion of cure mutation
 i - 4 potions of might
 o - 8 potions of restore abilities
 p - 3 potions of agility
 v - 3 potions of flight
 x - 6 potions of curing
 U - 7 potions of heal wounds
Miscellaneous
 l - a phial of floods
 J - a phantom mirror
 K - a lamp of fire
 L - a fan of gales
Comestibles
 d - 7 meat rations
 C - 15 bread rations


   Skills:
 + Level 24.7 Fighting
 O Level 27 Axes
 + Level 22.1 Armour
 + Level 15.0 Dodging
 + Level 18.4 Evocations


You had 23 spell levels left.
You didn't know any spells.

Dungeon Overview and Level Annotations

Branches:
Dungeon (15/15)              Lair (8/8) D:11         Shoals (5/5) Lair:4
  Snake (5/5) Lair:5        Slime (6/6) Lair:8          Orc (4/4) D:12
    Elf (3/3) Orc:3        Vaults (4/5) D:13          Crypt (0/3) Vaults:2
 Depths (5/5) D:15            Zot (5/5) Depths:5
 Temple: D:4-7

Altars:
Dithmenos
Elyvilon
Fedhas
Gozag
Kikubaaqudgha
Qazlal
Beogh
Jiyva

Shops:
D:7 !?   D:9 *   D:13 =   D:14 (   Orc:4 [?[%%=   Elf:3 :   Shoals:2 =*
Vaults:1 [(   Vaults:3 !   Vaults:4 (

Portals:
Hell: Depths:1 Depths:2 Depths:3 Depths:5
Abyss: Depths:1
Pandemonium: Depths:3
Ziggurat: Depths:5

Annotations:
Lair:6 exclusion: oklob plant
Snake:3 Vashnia
Depths:2 exclusion: 2 orange crystal statues
Depths:3 2 exclusions


Innate Abilities, Weirdness & Mutations

You reflexively headbutt those who attack you in melee.
You have a pair of horns on your head.
You can translocate small distances at will.


Message History

The blue devil swoops through the air toward you!
The blue devil completely misses you. The orange demon stings you from afar.
You slash the blue devil! You headbutt the blue devil.
The blue devil is almost dead.
The blue devil hits you but does no damage.
Your plate armour prevents you from hitting the blue devil.
Your headbutt misses the blue devil.
The blue devil is almost dead.
You slice the blue devil!!
The blue devil is almost dead.
The orange demon closely misses you. The blue devil misses you.
You slice the blue devil!!
You kill the blue devil!
You slice the blue devil!!
You kill the blue devil!
Trog accepts your kill.
The orange demon stings you but does no damage.
There is a staircase leading out of the dungeon here.
The orange demon stings you but does no damage.
You have escaped!

#......§≈§§..#####......≈..#
....#...§§≈.........§.≈§.§.#
#.).##..§§≈≈≈.......§≈≈≈.§.#
#...##....≈≈≈≈≈...≈≈§§§....#
..........≈≈≈≈≈≈.≈§≈≈§§....#####.
#.........r≈≈≈≈§.≈≈≈≈≈.§.......#.
#....#...r4≈≈≈§§...≈≈§...........
#....?..l32≈§.§.....≈≈.......[.#.
#.....gr4≈≈≈≈.42@...§≈§§.).....#
#......§≈≈≈≈§≈.....≈§§§§§≈.....#
#....§≈§≈≈≈§§§....§§§§≈≈≈≈§≈...#
#..≈≈≈≈≈≈≈§≈≈§§§≈≈§§§§≈≈≈≈≈≈≈≈.#.
#.....$....§.§§§§≈≈4.............
........§....§.≈≈≈.§...........##
###..####....§§§≈........##...#
##.# #......≈.........###### .
#......≈.(.......#


You could see a cacodemon, a shadow demon, 2 orange demons, 2 sixfirhies, a
chaos spawn, a giant newt and 2 rats.

Vanquished Creatures
  2 orbs of fire (Zot:5)
  3 ancient liches (Zot:5)
  Boris (Vaults:2)
  Sojobo (Depths:3)
  4 caustic shrikes (Depths:4)
  2 curse toes
  Mara (Elf:3)
  A Killer Klown (Zot:5)
  3 golden dragons
  2 bone dragons (Depths:5)
  A profane servitor (D:8)
  A Brimstone Fiend (Elf:3)
  An electric golem (Zot:5)
  15 Orb Guardians (Zot:5)
  3 tentacled monstrosities
  A deep elf blademaster (Elf:3)
  A lich (Depths:1)
  2 deep elf master archers (Elf:3)
  A titan (Slime:6)
  An octopode crusher (Shoals:5)
  3 shadow dragons
  2 Executioners (Elf:3)
  16 acid blobs
  4 storm dragons
  An ancient champion (Vaults:2)
  4 tengu reavers
  7 fire giants
  Ilsuiw (Shoals:5)
  2 azure jellies
  11 frost giants
  3 greater nagas (Snake:5)
  7 deep elf sorcerers (Elf:3)
  A draconian knight (Zot:5)
  A ghost moth (Zot:3)
  4 draconian scorchers
  Aizul (Snake:1)
  7 vault wardens
  2 emperor scorpions
  6 very ugly things
  20 stone giants
  2 draconian zealots (Zot:4)
  A spriggan defender (Depths:3)
  2 draconian annihilators
  4 draconian shifters
  12 ironheart preservers
  2 war gargoyles
  6 draconian callers
  7 grey draconians
  2 mottled draconians
  4 green draconians
  A vampire knight (Depths:3)
  2 pale draconians
  7 ettins
  2 black draconians (Zot:2)
  3 purple draconians
  8 dire elephants
  6 deep elf demonologists (Elf:3)
  3 white draconians
  15 deep elf annihilators (Elf:3)
  3 red draconians
  A yellow draconian (Zot:2)
  5 large abominations
  6 death oozes (Slime:6)
  10 deep elf death magi
  4 merfolk javelineers
  2 minotaurs
  8 vault guards
  2 eidola (Depths:2)
  3 great orbs of eyes
  Josephine (D:12)
  3 death cobs
  8 yaktaur captains
  7 merfolk impalers
  9 fire dragons
  4 hydras
  10 rakshasas
  A catoblepas (Lair:6)
  Harold (Lair:1)
  12 ice dragons
  7 deep elf high priests
  12 naga warriors
  2 anacondas (Snake:1)
  3 spriggan air magi
  15 centaur warriors
  2 merfolk avatars
  4 merfolk aquamancers (Shoals:5)
  A vampire mage (Depths:4)
  17 ogre magi
  3 dancing weapons
  5 death yaks
  4 tengu warriors
  3 deep troll earth magi
  2 deep troll shamans
  A sun demon (Depths:3)
  2 shock serpents (Snake:4)
  6 spriggan berserkers
  6 naga sharpshooters
  Urug (Orc:3)
  Nergalle (Lair:2)
  3 shadow wraiths
  6 deep elf knights
  4 soul eaters
  5 skeletal warriors
  2 death drakes
  An ice devil (Depths:4)
  3 hell knights
  38 slime creatures
  2 unseen horrors (Vaults:1)
  2 storm dragon skeletons (D:15)
  13 deep trolls
  16 hill giants
  4 giant orange brains
  2 spectral anacondas (Depths:2)
  A death drake (shapeshifter) (Depths:1)
  20 harpies
  5 flayed ghosts
  10 sea snakes
  3 naga ritualists
  8 deep elf conjurers
  7 necromancers
  2 deathcaps (Zot:4)
  14 orc knights
  10 deep elf summoners
  5 wolf spiders
  2 orc sorcerers
  A wolf spider zombie (D:15)
  2 harpies (shapeshifter)
  15 ironbrand convokers
  A water nymph (Shoals:5)
  2 hornets (shapeshifter)
  7 shining eyes
  A salamander (shapeshifter) (Vaults:2)
  6 phantasmal warriors
  A fire giant zombie (Vaults:4)
  13 manticores
  6 mana vipers
  11 moths of wrath
  10 griffons
  An elephant (Depths:1)
  2 fauns
  A small abomination (Elf:2)
  2 sixfirhies
  26 black mambas
  2 hornets (Vaults:3)
  4 sirens
  A fire giant skeleton (Vaults:4)
  An octopode (shapeshifter) (Elf:2)
  41 ugly things
  An elephant (shapeshifter) (Depths:3)
  3 salamanders
  2 guardian serpents (Snake:4)
  11 cyclopes
  17 spiny frogs
  A rust devil (Depths:3)
  8 vault sentinels
  3 orange demons
  A yaktaur zombie (Vaults:4)
  2 torpor snails (Depths:1)
  6 centaur skeletons
  An eye of devastation (Slime:6)
  An efreet (D:15)
  34 yaktaurs
  7 fire drakes
  An anaconda simulacrum (Depths:2)
  2 hellions
  6 naga magi
  5 gargoyles
  11 komodo dragons
  A demonic crawler (Elf:3)
  A redback zombie (D:14)
  A yaktaur (shapeshifter) (Vaults:4)
  2 spriggan druids (Lair:8)
  4 tengu conjurers
  6 trolls
  5 wandering mushrooms (Zot:4)
  2 blue devils (D:1)
  A fire drake (shapeshifter) (D:14)
  A spectral merfolk (Depths:2)
  A kobold demonologist (Vaults:1)
  30 two-headed ogres
  6 polar bears (Lair:8)
  25 merfolk
  A jumping spider (shapeshifter) (Vaults:3)
  6 wind drakes
  A polar bear (shapeshifter) (D:15)
  9 deep elf priests
  3 freezing wraiths
  A raiju (Depths:2)
  A wolf spider simulacrum (D:15)
  11 ravens
  2 centaur simulacra
  4 jumping spiders
  2 trapdoor spider zombies
  4 air elementals
  4 boulder beetles
  A flying skull (Vaults:2)
  20 blink frogs
  3 shadows
  16 water elementals
  10 snapping turtles
  A wyvern (D:8)
  21 deep elf magi
  A human (shapeshifter) (Depths:1)
  3 ynoxinuls
  A spriggan (shapeshifter) (Vaults:3)
  2 trapdoor spiders
  A hog (shapeshifter) (Depths:2)
  21 redbacks
  13 spriggans
  8 hippogriffs
  3 fire bats (Orc:3)
  34 vampire mosquitoes
  13 wraiths
  3 vampires
  A hog (Volcano)
  Eustachio (D:8)
  2 tarantellas
  12 deep elf fighters
  Grum (D:8)
  28 wolves
  A golden eye (shapeshifter) (Vaults:3)
  2 hungry ghosts (Lab)
  40 yaks
  2 human simulacra (Vaults:1)
  26 nagas
  Menkaure (D:7)
  2 golden eyes (Slime:6)
  6 porcupines
  14 wargs
  A yaktaur simulacrum (Vaults:4)
  2 chaos spawn
  A mottled dragon (Vaults:1)
  2 spectral spriggans (Depths:2)
  2 spectral trolls (Depths:2)
  A sky beast (D:13)
  4 eyes of draining
  43 orc warriors
  6 wasps
  4 black bears
  4 hell hounds
  A necrophage (D:13)
  A snapping turtle zombie (Depths:2)
  3 phantoms
  An eye of draining (shapeshifter) (Depths:2)
  2 human zombies (Vaults:2)
  3 ice beasts
  An ettin simulacrum (Vaults:1)
  A trapdoor spider simulacrum (D:14)
  33 water moccasins
  19 crocodiles
  7 boggarts
  28 centaurs
  2 boring beetles (Lair:8)
  A human skeleton (Vaults:1)
  42 ogres
  3 elf zombies (Elf:1)
  21 giant frogs
  A wyvern zombie (D:9)
  2 wyvern skeletons (D:12)
  14 wights
  An orc simulacrum (Vaults:1)
  3 scorpions
  7 spectral nagas (Depths:2)
  3 spectral ogres (Depths:2)
  An electric eel (D:11)
  4 crimson imps
  A spectral centaur (Depths:2)
  A wolf zombie (D:8)
  2 goliath beetles
  3 hounds
  25 jellies
  3 quasits
  A gnoll shaman (D:9)
  A giant frog zombie (D:8)
  A wasp zombie (D:14)
  4 centaur zombies
  3 giant frog skeletons
  9 orc priests
  20 orc wizards
  12 hell rats
  9 iguanas
  A troll simulacrum (Depths:2)
  9 worker ants
  19 sheep
  A killer bee zombie (D:7)
  A spriggan simulacrum (Depths:2)
  2 mummies
  A hound skeleton (D:9)
  8 gnolls
  2 worker ant zombies
  18 adders
  61 river rats
  3 shadow imps
  A white imp (Depths:1)
  2 worms
  A giant mite (D:8)
  12 ufetubi
  A giant eyeball (Depths:2)
  2 giant geckos
  An ooze (D:3)
  169 orcs
  6 bats
  A bat skeleton (D:4)
  A bat zombie (D:6)
  2 giant cockroaches (D:3)
  13 hobgoblins
  8 kobolds
  9 quokkas
  A giant newt (D:3)
  A giant spore (D:13)
  12 goblins
  8 rats
  4 ballistomycetes
  A crawling corpse (Elf:1)
  8 fungi
  7 plants
2120 creatures vanquished.

Vanquished Creatures (collateral kills)
  An ancient lich (Depths:2)
  A merfolk javelineer (Shoals:5)
  A hydra (Lair:7)
  3 merfolk aquamancers (Shoals:5)
  A manticore (Shoals:5)
  A spiny frog (Lair:7)
  2 merfolk (Shoals:5)
  A wind drake (Shoals:5)
  2 snapping turtles (Shoals:5)
  A spriggan (Depths:2)
  A wasp (Depths:2)
  A human zombie (Vaults:2)
  4 sheep (Lair:7)
20 creatures vanquished.

Vanquished Creatures (others)
  A spriggan air mage (Depths:1)
  A shadow wraith (Vaults:4)
  A deep elf knight (Depths:1)
  An unseen horror (D:13)
  A manticore (Shoals:5)
  A shadow (Depths:2)
  A wandering mushroom (Zot:4)
  A water elemental (Shoals:5)
  A steam dragon (Zot:4)
  A deep elf fighter (Elf:3)
  A hell hound (Depths:2)
  A wolf (Depths:2)
  A sky beast (D:13)
  5 ogres
  A boggart (Vaults:2)
  A human zombie (Vaults:4)
  4 lost souls
  2 hell rats
  An ufetubus (Vaults:1)
  2 giant spores
  A ballistomycete (D:11)
  2 fungi (Lair:5)
  4 plants
36 creatures vanquished.

Grand Total: 2176 creatures vanquished

Notes
Turn   | Place    | Note
--------------------------------------------------------------
     0 | D:1      | timbw, the Minotaur Berserker, began the quest for the Orb.
     0 | D:1      | Reached XP level 1. HP: 19/19 MP: 1/1
   103 | D:2      | Reached skill level 4 in Axes
   135 | D:2      | Reached XP level 2. HP: 26/26 MP: 1/1
   333 | D:3      | Reached skill level 5 in Axes
   359 | D:3      | Reached XP level 3. HP: 25/31 MP: 2/2
   610 | D:3      | Acquired Trog's second power
   828 | D:3      | Found a shadowy altar of Dithmenos.
  1070 | D:5      | Entered Level 5 of the Dungeon
  1128 | D:5      | Noticed a scorpion
  1133 | D:5      | Killed a scorpion
  1133 | D:5      | Reached skill level 6 in Axes
  1133 | D:5      | Reached XP level 4. HP: 40/40 MP: 2/2
  1215 | D:5      | Noticed a scorpion
  1219 | D:5      | Killed a scorpion
  1219 | D:5      | Reached XP level 5. HP: 47/47 MP: 2/2
  1252 | D:5      | Found an opulent altar of Gozag.
  1354 | D:8      | Reached skill level 7 in Axes
  1365 | D:7      | Found an ancient bone altar of Kikubaaqudgha.
  1377 | D:7      | Found Imeodeyt's Magic Scroll Shop.
  1383 | D:7      | Bought a scroll of teleportation for 30 gold pieces
  1383 | D:7      | Bought a scroll of fear for 35 gold pieces
  1450 | D:7      | Reached skill level 5 in Fighting
  1450 | D:7      | Reached XP level 6. HP: 44/56 MP: 3/3
  1466 | D:8      | Noticed a centaur
  1485 | D:8      | Killed a centaur
  1485 | D:8      | Reached skill level 8 in Axes
  1545 | D:7      | Found Akafeh's Distillery.
  1554 | D:7      | Bought a potion of curing for 45 gold pieces
  1556 | D:7      | Noticed Menkaure
  1563 | D:7      | Killed Menkaure
  1563 | D:7      | Reached XP level 7. HP: 62/62 MP: 3/3
  1690 | D:7      | Reached skill level 9 in Axes
  1731 | D:7      | Found a white marble altar of Elyvilon.
  1904 | D:8      | Noticed a black bear
  1909 | D:8      | Killed a black bear
  1911 | D:8      | Noticed an orc warrior
  1916 | D:8      | Killed an orc warrior
  1975 | D:8      | Noticed a wyvern
  1984 | D:8      | Killed a wyvern
  1984 | D:8      | Reached skill level 10 in Axes
  1984 | D:8      | Reached XP level 8. HP: 50/73 MP: 3/3
  2078 | D:8      | Noticed a trapdoor spider zombie
  2080 | D:8      | Noticed a wolf
  2081 | D:8      | Noticed a wolf
  2082 | D:8      | Noticed a wolf
  2091 | D:8      | Killed a wolf
  2100 | D:8      | Killed a trapdoor spider zombie
  2100 | D:8      | Reached skill level 11 in Axes
  2112 | D:8      | Killed a wolf
  2156 | D:8      | Noticed a wolf
  2157 | D:8      | Noticed Grum
  2168 | D:8      | Killed a wolf
  2169 | D:8      | Killed a wolf
  2175 | D:8      | Killed Grum
  2175 | D:8      | Acquired Trog's third power
  2175 | D:8      | Reached skill level 12 in Axes
  2175 | D:8      | Reached XP level 9. HP: 45/82 MP: 4/4
  2317 | D:8      | Noticed Eustachio
  2331 | D:8      | Killed Eustachio
  2417 | D:8      | Noticed a wasp
  2426 | D:8      | Killed a wasp
  2678 | D:9      | Found Tesomn's General Store.
  2743 | D:9      | Found a stormy altar of Qazlal.
  3003 | D:7      | Bought a potion of heal wounds for 75 gold pieces
  3072 | D:10     | Entered Level 10 of the Dungeon
  3087 | D:10     | Reached skill level 13 in Axes
  3182 | D:10     | Noticed a gargoyle
  3187 | D:10     | Killed a gargoyle
  3873 | D:10     | Reached skill level 10 in Fighting
  3873 | D:10     | Reached XP level 10. HP: 93/93 MP: 4/4
  3975 | D:10     | Reached skill level 14 in Axes
  4185 | D:11     | Reached skill level 5 in Armour
  4195 | D:11     | Noticed a brown ugly thing
  4202 | D:11     | Killed a brown ugly thing
  4395 | D:11     | Found an opulent altar of Gozag.
  4603 | D:11     | Noticed a hill giant
  4615 | D:11     | Killed a hill giant
  4699 | D:11     | Found a staircase to the Lair.
  4755 | Lair:1   | Entered Level 1 of the Lair of Beasts
  4801 | Lair:1   | Noticed Harold
  4815 | Lair:1   | Killed Harold
  4815 | Lair:1   | Reached skill level 15 in Axes
  4815 | Lair:1   | Reached skill level 1 in Evocations
  5156 | Lair:1   | Reached XP level 11. HP: 102/102 MP: 8/8
  5659 | Lair:2   | Noticed Nergalle
  6107 | Lair:3   | Reached skill level 16 in Axes
  6192 | Lair:3   | Received a gift from Trog
  7728 | Lair:4   | Found a white marble altar of Elyvilon.
  7743 | Lair:4   | Identified a scroll of acquirement
  7744 | Lair:4   | Got a pair of dazzling gloves
  7757 | Lair:4   | Identified the +2 pair of gloves of the Evening {+Fly MR- Regen+} (You acquired it on level 4 of the Lair of Beasts)
  7850 | Lair:4   | Reached XP level 12. HP: 112/112 MP: 14/14
  7855 | Lair:4   | Found a staircase to the Shoals.
  7890 | Lair:4   | Reached skill level 5 in Evocations
  8095 | Lair:4   | Received a gift from Trog
  8500 | Lair:5   | Reached skill level 17 in Axes
  9036 | Lair:5   | Found a staircase to the Snake Pit.
  9125 | Lair:6   | Noticed a catoblepas
  9389 | Lair:6   | Killed a catoblepas
  9395 | Lair:6   | Reached skill level 10 in Armour
  9611 | Lair:7   | Reached skill level 18 in Axes
  9632 | Lair:7   | Found a labyrinth entrance.
  9645 | Lab      | Entered a labyrinth
  9943 | Lab      | Noticed a minotaur
  9950 | Lab      | Killed a minotaur
  9950 | Lab      | Reached XP level 13. HP: 122/122 MP: 18/18
  9964 | Lab      | Got a slimy ruby amulet
  9966 | Lab      | Identified the amulet "Mnisucsy" {Regen+ Int+4} (You found it in a labyrinth)
  9969 | Lab      | Identified a +0 rod of destruction (10/10) (You found it in a labyrinth)
  9982 | Lair:7   | Got a steaming hat
  9988 | Lair:7   | Identified the -2 hat "Khenueg" {-Tele rElec rCorr MP+9 Stlth+} (You acquired it on level 7 of the Lair of Beasts)
  9999 | Lair:7   | Noticed a seven-headed hydra
 10012 | Lair:7   | Killed a seven-headed hydra
 10221 | Lair:7   | Noticed a seven-headed hydra
 10230 | Lair:7   | Killed a nine-headed hydra
 10281 | Lair:8   | Entered Level 8 of the Lair of Beasts
 10340 | Lair:8   | Received a gift from Trog
 10907 | Lair:8   | Received a gift from Trog
 10939 | Lair:8   | Found a staircase to the Slime Pits.
 11032 | Lair:7   | Reached skill level 19 in Axes
 11801 | D:12     | Paralysed by a wasp for 3 turns
 12272 | D:12     | Noticed Josephine
 12282 | D:12     | Killed Josephine
 12316 | D:12     | Received a gift from Trog
 12461 | D:12     | Found a staircase to the Orcish Mines.
 12477 | Orc:1    | Entered Level 1 of the Orcish Mines
 12647 | Orc:3    | Found a staircase to the Elven Halls.
 12851 | Orc:3    | Noticed Urug
 12870 | Orc:3    | Killed Urug
 12870 | Orc:3    | Reached XP level 14. HP: 92/132 MP: 21/21
 12979 | Orc:3    | Received a gift from Trog
 13023 | Orc:3    | Found a dark tunnel.
 13033 | Volcano  | Entered a volcano
 13221 | Orc:4    | Entered Level 4 of the Orcish Mines
 13222 | Orc:4    | Found Xannopn's Antique Armour Boutique.
 13479 | Orc:4    | Found Tuguvot's Armour Shoppe.
 13479 | Orc:4    | Found Luimoqi's Magic Scroll Boutique.
 13505 | Orc:4    | Bought a +1 cloak of poison resistance for 189 gold pieces
 13552 | Orc:4    | Received a gift from Trog
 13584 | Orc:4    | Found a roughly hewn altar of Beogh.
 13616 | Orc:4    | Found Asoepnem's Food Shoppe.
 13904 | Orc:4    | Found Maaman's Jewellery Boutique.
 13904 | Orc:4    | Found Itunu's Food Shoppe.
 13976 | Orc:4    | Bought a pair of ancient gloves for 266 gold pieces
 13988 | Orc:4    | Identified the -1 pair of gloves of the Queen {Str-3 Int+7 Dex+3} (You bought it in a shop on level 4 of the Orcish Mines)
 14042 | Orc:2    | Received a gift from Trog
 14500 | Orc:4    | Bought the +3 pair of gauntlets of War {Slay+5} for 1330 gold pieces
 14541 | Orc:2    | Reached skill level 20 in Axes
 14832 | D:13     | Found Thuan's Jewellery Shop.
 15085 | D:13     | Found a gate to the Vaults.
 15302 | D:13     | Bought a cursed ring of teleportation for 203 gold pieces
 15469 | Lair:2   | Received a gift from Trog
 15607 | Snake:1  | Entered Level 1 of the Snake Pit
 15607 | Snake:1  | Noticed Aizul
 15693 | Snake:1  | Reached skill level 15 in Fighting
 15726 | Snake:2  | Reached XP level 15. HP: 118/141 MP: 24/24
 15904 | Snake:4  | Noticed Vashnia
 16050 | Snake:3  | Reached skill level 10 in Evocations
 16644 | Snake:4  | Reached skill level 21 in Axes
 17076 | Snake:4  | Received a gift from Trog
 17217 | Snake:5  | Entered Level 5 of the Snake Pit
 17812 | Snake:5  | Got a serpentine rune of Zot
 17971 | Snake:1  | Killed Aizul
 18112 | Lair:5   | Received a gift from Trog
 18169 | Shoals:1 | Entered Level 1 of the Shoals
 18204 | Shoals:1 | Reached XP level 16. HP: 142/151 MP: 11/26
 18541 | Shoals:2 | Found Vigegev's Jewellery Emporium.
 18543 | Shoals:2 | Found Smaubreff's Assorted Antiques.
 18700 | Shoals:2 | Reached skill level 22 in Axes
 18873 | Shoals:5 | Entered Level 5 of the Shoals
 19036 | Shoals:5 | Noticed Ilsuiw
 19059 | Shoals:5 | Killed Ilsuiw
 19280 | Shoals:5 | Received a gift from Trog
 19852 | Shoals:5 | Reached skill level 15 in Armour
 19935 | Shoals:5 | Got a barnacled rune of Zot
 20460 | D:14     | Reached XP level 17. HP: 158/161 MP: 28/28
 20512 | D:14     | Found Khamuisirgh's Antique Weapon Boutique.
 20768 | D:15     | Entered Level 15 of the Dungeon
 20773 | D:15     | Reached skill level 23 in Axes
 20902 | D:15     | Received a gift from Trog
 20955 | D:15     | Found a staircase to the Depths.
 21190 | D:15     | Found a blossoming altar of Fedhas.
 21588 | Depths:1 | Entered Level 1 of the Depths
 21588 | Depths:1 | Noticed a lich
 22053 | Depths:1 | Killed a lich
 22965 | Shoals:2 | Bought the ring of Suawid {rC+ MR+ Str-2 Int+4} for 734 gold pieces
 23117 | Lair:2   | Killed Nergalle
 23285 | Vaults:1 | Entered Level 1 of the Vaults
 23510 | Vaults:1 | Received a gift from Trog
 23517 | Vaults:1 | Reached XP level 18. HP: 141/173 MP: 30/30
 24019 | Vaults:1 | Reached skill level 24 in Axes
 24044 | Vaults:1 | Found Muwkus' Antique Armour Boutique.
 24135 | Vaults:1 | Found Aloamack's Antique Weapon Shop.
 24400 | Vaults:2 | Received a gift from Trog
 25575 | Vaults:2 | Noticed Boris
 25578 | Vaults:2 | Received a gift from Trog
 25595 | Vaults:2 | Killed Boris
 25626 | Vaults:2 | Found a staircase to the Crypt.
 26230 | Elf:1    | Entered Level 1 of the Elven Halls
 26524 | Elf:1    | Reached XP level 19. HP: 155/184 MP: 31/31
 26911 | Elf:2    | Received a gift from Trog
 27100 | Elf:3    | Entered Level 3 of the Elven Halls
 27142 | Elf:3    | Reached skill level 5 in Dodging
 27246 | Elf:3    | Reached skill level 25 in Axes
 27276 | Elf:3    | Found Ysax's Book Shoppe.
 27359 | Elf:3    | Noticed Mara
 27369 | Elf:3    | Noticed timbw's illusion
 27374 | Elf:3    | Killed Mara
 27968 | Elf:3    | Received a gift from Trog
 28443 | Elf:3    | Got a distressingly furry plate armour
 28449 | Elf:3    | Identified the +1 plate armour of Salvation {-Cast rPois MR+} (You found it on level 3 of the Elven Halls)
 28676 | Elf:3    | Gained mutation: You can translocate small distances at will. [potion of beneficial mutation]
 29307 | Vaults:3 | Received a gift from Trog
 29498 | Vaults:3 | Reached XP level 20. HP: 197/197 MP: 10/32
 29753 | Vaults:3 | Found Dinocoex's Distillery.
 29775 | Vaults:3 | Bought a potion of curing for 51 gold pieces
 29775 | Vaults:3 | Bought a potion of curing for 51 gold pieces
 29775 | Vaults:3 | Bought a potion of curing for 51 gold pieces
 29775 | Vaults:3 | Bought a potion of flight for 51 gold pieces
 29775 | Vaults:3 | Bought a potion of agility for 68 gold pieces
 29775 | Vaults:3 | Bought a potion of restore abilities for 85 gold pieces
 30421 | Vaults:3 | Reached skill level 15 in Evocations
 30431 | Vaults:3 | Received a gift from Trog
 30904 | Vaults:4 | Reached skill level 26 in Axes
 31264 | Vaults:4 | Received a gift from Trog
 31624 | Vaults:4 | Found Khuafaak's Antique Weapon Shop.
 32137 | Orc:4    | Bought a scroll of blinking for 90 gold pieces
 32137 | Orc:4    | Bought a scroll of enchant armour for 90 gold pieces
 32137 | Orc:4    | Bought a scroll of fog for 24 gold pieces
 32511 | Shoals:2 | Bought an uncursed amulet of resist mutation for 680 gold pieces
 33077 | Depths:1 | Found a one-way gate to the infinite horrors of the Abyss.
 33213 | Depths:1 | Reached XP level 21. HP: 140/206 MP: 34/34
 33357 | Depths:1 | Received a gift from Trog
 33496 | Depths:1 | Found a gateway to Hell.
 33708 | Depths:2 | Paralysed by a giant eyeball for 2 turns
 34015 | Depths:2 | Noticed an ancient lich
 34044 | Depths:2 | Killed an ancient lich
 34778 | Depths:2 | Paralysed by a giant eyeball for 3 turns
 35120 | Depths:3 | Reached skill level 10 in Dodging
 35136 | Depths:3 | Noticed Sojobo
 35144 | Depths:3 | Killed Sojobo
 35187 | Depths:3 | Received a gift from Trog
 35552 | Depths:3 | Reached skill level 27 in Axes
 36096 | Lair:8   | Received a gift from Trog
 36768 | Lair:5   | Received a gift from Trog
 37174 | Orc:4    | Bought a +2 plate armour of magic resistance for 560 gold pieces
 37652 | Slime:1  | Entered Level 1 of the Pits of Slime
 37737 | Slime:6  | Entered Level 6 of the Pits of Slime
 37799 | Slime:6  | Found a viscous altar of Jiyva.
 37812 | Slime:6  | Noticed the royal jelly
 37818 | Slime:6  | Received a gift from Trog
 37820 | Slime:6  | Noticed a titan shaped Royal Jelly
 37820 | Slime:6  | the royal jelly changed into a titan shaped Royal Jelly
 37823 | Slime:6  | Killed a titan shaped Royal Jelly
 37823 | Slime:6  | Reached XP level 22. HP: 192/216 MP: 0/35
 37904 | Slime:6  | Identified a +4 rod of inaccuracy (12/12) (You found it on level 6 of the Pits of Slime)
 37942 | Slime:6  | Got a slimy rune of Zot
 38017 | Slime:6  | Got a scintillating platinum ring
 38018 | Slime:6  | Identified the cursed ring of Puneovat {+Blink rElec EV-3 Int-2} (You found it on level 6 of the Pits of Slime)
 38047 | Slime:6  | Got a heavily runed cloak
 38058 | Slime:6  | Identified the +1 cloak of the Louse {rF++ Str-4} (You found it on level 6 of the Pits of Slime)
 38060 | Slime:6  | Got a twitching bone ring
 38061 | Slime:6  | Identified the ring "Bodinlee" {-Cast rElec rPois rN+ Dex+4} (You found it on level 6 of the Pits of Slime)
 38794 | Depths:3 | Found a one-way gate leading to the halls of Pandemonium.
 39344 | Depths:3 | Got a slimy ivory ring
 39345 | Depths:3 | Identified the cursed ring "Ufoogy" {EV-2 Dex+2} (You found it on level 3 of the Depths)
 39468 | Depths:4 | Noticed a caustic shrike
 39468 | Depths:4 | Noticed a caustic shrike
 39468 | Depths:4 | Noticed a caustic shrike
 39468 | Depths:4 | Noticed a caustic shrike
 39477 | Depths:4 | Killed a caustic shrike
 39478 | Depths:4 | Killed a caustic shrike
 39480 | Depths:4 | Killed a caustic shrike
 39480 | Depths:4 | Killed a caustic shrike
 39648 | Depths:4 | Received a gift from Trog
 39708 | Depths:5 | Entered Level 5 of the Depths
 39788 | Depths:5 | Found a gate to the Realm of Zot.
 39909 | Zot:1    | Entered Level 1 of the Realm of Zot
 40128 | Zot:2    | Reached XP level 23. HP: 157/226 MP: 36/36
 41043 | Zot:5    | Entered Level 5 of the Realm of Zot
 41062 | Zot:5    | Received a gift from Trog
 41123 | Zot:5    | Noticed an ancient lich
 41181 | Zot:5    | Killed an ancient lich
 41265 | Zot:5    | Noticed an ancient lich
 41273 | Zot:5    | Killed an ancient lich
 41331 | Zot:5    | Noticed an ancient lich
 41338 | Zot:5    | Killed an ancient lich
 41480 | Zot:5    | Noticed an orb of fire
 41663 | Zot:5    | Killed an orb of fire
 41663 | Zot:5    | Reached XP level 24. HP: 177/237 MP: 12/37
 41868 | Zot:5    | Noticed an orb of fire
 41896 | Zot:5    | Killed an orb of fire
 41913 | Zot:5    | Got the Orb of Zot
 42047 | Depths:5 | Found a gateway to a ziggurat.
 42123 | Depths:3 | Noticed Uhucvimp the pandemonium lord
 42367 | D:8      | Noticed a hippogriff
 42373 | D:8      | Killed a hippogriff
 42376 | D:8      | Reached skill level 15 in Dodging
 42621 | D:$      | Escaped with the Orb!

Action                   |  1- 3 |  4- 6 |  7- 9 | 10-12 | 13-15 | 16-18 | 19-21 | 22-24 || total
-------------------------+-------+-------+-------+-------+-------+-------+-------+-------++-------
Melee: Hand axe          |    63 |    57 |       |       |       |       |       |       ||   120
       War axe           |       |    20 |   180 |       |       |       |       |       ||   200
       Battleaxe         |       |       |    14 |   559 |  1177 |       |       |       ||  1750
       Executioner's axe |       |       |       |       |    11 |   966 |  1144 |   821 ||  2942
Throw: Tomahawk          |       |       |       |     2 |       |       |       |       ||     2
Invok: Berserk           |     3 |     3 |     7 |     4 |     5 |     3 |     2 |       ||    27
       Trog's Hand       |       |     1 |     2 |    11 |    20 |    28 |    29 |    16 ||   107
       Burn Spellbooks   |       |       |     2 |     1 |     1 |     3 |     4 |     3 ||    14
       Brothers in Arms  |       |       |       |       |     2 |     5 |     1 |     1 ||     9
 Abil: Evoke Teleportati |       |       |       |       |     1 |     2 |       |       ||     3
       Evoke Flight      |       |       |       |       |     1 |    12 |       |       ||    13
       Stop Flying       |       |       |       |       |       |     2 |       |       ||     2
Evoke: Wand              |       |       |       |       |     7 |    19 |     9 |    28 ||    63
       Lamp of fire      |       |       |       |       |       |       |       |     1 ||     1
  Use: Scroll            |       |       |       |    21 |    13 |    17 |    11 |    22 ||    84
       Potion            |       |       |       |     1 |     3 |    19 |     7 |     6 ||    36
 Stab: Held in net/web   |       |       |       |       |       |     1 |       |       ||     1
       Invisible         |       |       |       |       |       |     4 |       |       ||     4
       Confused          |       |       |       |       |       |     1 |       |       ||     1
       Distracted        |       |       |       |       |       |       |     1 |       ||     1
  Eat: Chunk             |     2 |       |     5 |     8 |    29 |    27 |    13 |     3 ||    87
       Bread ration      |       |     1 |       |     2 |     3 |     3 |     1 |       ||    10
       Meat ration       |       |       |     2 |     1 |       |     2 |     7 |     3 ||    15
       Beef jerky        |       |       |     2 |       |     1 |     2 |     1 |     2 ||     8
       Fruit             |       |       |       |     5 |       |       |       |     1 ||     6
       Pizza             |       |       |       |       |       |       |     1 |       ||     1
       Royal jelly       |       |       |       |       |       |       |       |     1 ||     1
